 Dungeon Crawl Stone Soup version 0.22-a0-558-gc224181 (webtiles) character file.

27 Amnesiac the Charlatan (level 2, -14/14 HPs)
             Began as a Spriggan Artificer on June 27, 2018.
             Killed from afar by Ijyb (20 damage)
             ... with a wand of acid (7)
             ... on level 3 of the Dungeon.
             The game lasted 00:03:25 (1487 turns).

Amnesiac the Charlatan (Spriggan Artificer)         Turns: 1487, Time: 00:03:26

Health: -14/14     AC:  2    Str:  8    XL:     2   Next: 93%
Magic:  0/6        EV: 18    Int: 12    God:
Gold:   52         SH:  0    Dex: 16    Spells: 1/1 levels left

rFire    . . .     SeeInvis +   a - +0 short sword
rCold    . . .     Gourm    .   (shield restricted)
rNeg     . . .     Faith    .   b - +0 robe
rPois    .         Spirit   +   (helmet restricted)
rElec    .         Reflect  .   i - scarf {Spirit}
rCorr    .         Harm     .   (gloves unavailable)
MR       .....                  (boots unavailable)
Stlth    ++........             (no amulet)
HPRegen  0.04/turn              (no ring)
MPRegen  0.10/turn              (no ring)

@: very quick
A: very small, unfitting armour, see invisible, herbivore, speed 3, slow
metabolism 2
a: no special abilities


You were on level 3 of the Dungeon.
You were not hungry.

You visited 1 branch of the dungeon, and saw 3 of its levels.

You collected 52 gold pieces.

Inventory:

Hand Weapons
 a - a +0 short sword (weapon)
Armour
 b - a +0 robe (worn)
 i - a scarf of spirit shield (worn)
Wands
 c - a wand of flame (15)
 d - a wand of enslavement (15)
 e - a wand of random effects (15)
Scrolls
 g - a scroll of identify {!r, unknown}
 j - 3 scrolls of amnesia {!r, unknown}
Potions
 h - a potion of might {!q, unknown}
 k - a potion of flight {!q, unknown}
 l - a potion of ambrosia {!q, unknown}
 m - a potion of heal wounds {!q, unknown}
Comestibles
 f - 2 rations


   Skills:
 - Level 0.7 Fighting
 - Level 1.1 Short Blades
 - Level 3.0 Dodging
 - Level 1.5 Stealth
 + Level 5.5 Evocations


You had one spell level left.
You didn't know any spells.
Your spell library was empty.

Dungeon Overview and Level Annotations

Branches:
Dungeon (3/15)

Altars:
Nemelex Xobeh
Xom

Annotations:
D:3 Ijyb


Innate Abilities, Weirdness & Mutations

You are very small and have problems with some larger weapons.
You are too small for most types of armour.
You have supernaturally acute eyesight. (SInv)
You are a herbivore.
You cover ground extremely quickly.
You need to consume almost no food.


Message History

A rat comes into view.
You see here a fizzy yellow potion {!q}.
A rat is nearby!
m - a fizzy yellow potion {!q} You hit the rat.
The rat is severely wounded.
The rat completely misses you.
You closely miss the rat.
The rat is severely wounded.
The rat barely misses you.
You hit the rat.
You kill the rat!
You see here a rat corpse.
Found a ring mail.
A bat comes into view.
The bat completely misses you.
You hit the bat.
The bat is severely wounded.
The bat misses you.
You hit the bat.
You kill the bat!
Unknown command.
A hobgoblin comes into view.
The hobgoblin shouts!
Found a sapphire potion.
Found a shimmering altar of Xom.
Really walk into that teleport trap?
Okay, then.
Unknown command.
Really walk into that teleport trap?
You enter a teleport trap!
The teleport trap disappears.
Your surroundings suddenly seem different.
There is a stone staircase leading up here.
You hear the rusting of a very distant drain.
You see here a jackal corpse.
A rat comes into view.
Found a scroll labeled YGETON LUFUTO.
You closely miss the rat. The rat barely misses you.
You closely miss the rat. The rat closely misses you.
You hit the rat.
You kill the rat!
You see here a rat corpse.
A frilled lizard comes into view.
The frilled lizard hisses angrily.
A dart slug comes into view.
A hobgoblin comes into view. It is wielding a club.
The hobgoblin shouts!
Found a ration.
You completely miss the dart slug. The dart slug closely misses you.
You hit the dart slug.
The dart slug is lightly wounded.
The dart slug launches a dart at you. The slug dart hits you!
* * * LOW HITPOINT WARNING * * *
The frilled lizard closely misses you.
A goblin and a kobold come into view.
The hobgoblin shouts!
A leopard gecko comes into view.
A hobgoblin comes into view. It is wielding a club.
A frilled lizard and Ijyb come into view.
Ijyb shouts!
Ijyb zaps a wand.
The bolt of acid hits you!
Ouch! That really hurt!
You die...

............##.# #.#.#
####.#####..##.# #.#.#
#.# #..##^####...# #.#
#..##....l...
#.#####...#.##.#..#
#............#.#.g#
#..####.####......#
#..#.......#..#...# #
#..#.......#.@..#.##.###
#..#!...!..#.#.#........
#..^..r_.....#.#..##..##
#..#.......#...#..##l.##
#..#.......#...#g.......
## #.......#.###.###..##
######..##K###..g.
.....K..l....###
###..###.#####


You could see Ijyb and a frilled lizard (wandering).

Vanquished Creatures
  6 bats
  3 giant cockroaches
  3 goblins (D:1)
  A hobgoblin (D:1)
  6 jackals
  4 rats
23 creatures vanquished.

Notes
Turn   | Place    | Note
-------+----------+-------------------------------------------
     0 | D:1      | Amnesiac the Spriggan Artificer began the quest for the Orb.
     0 | D:1      | Reached XP level 1. HP: 9/9 MP: 4/4
   576 | D:1      | Reached XP level 2. HP: 14/14 MP: 6/6
   631 | D:1      | Reached skill level 5 in Evocations
  1002 | D:2      | Found a shimmering altar of Xom.
  1168 | D:2      | Found a sparkling altar of Nemelex Xobeh.
  1441 | D:3      | Found a shimmering altar of Xom.
  1483 | D:3      | Noticed Ijyb
  1487 | D:3      | Killed from afar by Ijyb

Vault maps used:
D:1:      eino_arrival_cavern_b
D:2:      lemuel_crystal_altar, old_standard_altar, uniq_terence
D:3:      first_ration, cheibrodos_sewer_entry_bend, lemuel_tele_altar,
          uniq_ijyb

Skill      XL: |  1  2 |
---------------+-------+-----
Evocations     | 5 |  5.5
Fighting       | |  0.7
Short Blades   | |  1.1
Dodging        | |  3.0
Stealth        | |  1.5

Action                   || total
-------------------------++-------
Melee: Short sword       ||   136
 Stab: Sleeping          ||     1
Armor: Robe              ||    15
Dodge: Dodged            ||   153

Table legend:
 A = Spawn XP
 B = Non-spawn XP
 C = Spawn XP percentage of total XP
 D = Spawn monster count
 E = Non-spawn monster count
 F = Spawn count percentage of total count
 G = Total turns spent on level
                    A         B        C        D         E        F      G
               +---------+---------+-------+---------+---------+-------+---------
         Total |       0 |      39 |   0.0 |       0 |      23 |   0.0 |  1487
               +---------+---------+-------+---------+---------+-------+---------
           D:1 |       0 |      28 |   0.0 |       0 |      16 |   0.0 |  1002
           D:2 |       0 |       4 |   0.0 |       0 |       2 |   0.0 |   177
           D:3 |       0 |       7 |   0.0 |       0 |       5 |   0.0 |   308
               +---------+---------+-------+---------+---------+-------+---------
